 Dungeon Sprint DCSS version 0.30-a0-920-g7493c07aab (webtiles) character file.

Game seed: 2514387403795561503

351 Atreus the Summoner (level 6, -6/32 HPs)
             Began as a Deep Elf Summoner on Mar 21, 2023.
             Was a Believer of Cheibriados.
             Killed from afar by an air elemental (9 damage)
             ... with a stunning burst
             ... while paralysed by an air elemental
             ... in the Dungeon (Sprint V: "Ziggurat Sprint").
             The game lasted 00:05:08 (432 turns).

Atreus the Summoner (Deep Elf Summoner)              Turns: 432, Time: 00:05:09

Health: -6/32      AC:  2    Str:  9    XL:     6   Next: 34%
Magic:  4/18       EV:  2    Int: 38    God:    Cheibriados [**....]
Gold:   0          SH:  0    Dex: 19    Spells: 6/19 levels left

rFire   . . .      SeeInvis .    E - +6 shillelagh "Devastator" {shatter}
rCold   . . .      Faith    .    (no shield)
rNeg    . . .      Spirit   .    a - +0 robe
rPois   .          Reflect  .    (no helmet)
rElec   .          Rampage  .    (no cloak)
rCorr   .          NoTele   +    (no gloves)
Will    .....                    (no boots)
Stlth   ++                       (no amulet)
HPRegen 0.25/turn                v - +6 ring of intelligence
MPRegen 0.16/turn                w - +6 ring of intelligence

@: paralysed, very slow
A: no striking features
a: Renounce Religion, Bend Time


You were in the Dungeon.
You worshipped Cheibriados.
Cheibriados was pleased with you.
You visited 1 branch

Inventory:

Hand Weapons
 A - the +7 great mace "Firestarter" {flame, inner flame, rFlCloud rF++}
   (You found it in the Dungeon)

   rFlCloud:  It grants immunity to clouds of flame.
   rF:        It greatly protects you from fire.
 B - the +11 Singing Sword {sonic wave}
   (You found it in the Dungeon)
 E - the +6 shillelagh "Devastator" (weapon) {shatter}
   (You found it in the Dungeon)
Armour
 a - a +0 robe (worn)
 C - the +15 Maxwell's patent armour {-Cast -Tele rElec Will+ rCorr}
   (You found it in the Dungeon)

   rElec:     It insulates you from electricity.
   -Cast:     It prevents spellcasting.
   -Tele:     It prevents most forms of teleportation.
   rCorr:     It protects you from acid and corrosion.
   Will:      It increases your willpower.
 D - the +18 shield of the Gong {Loud rN+ Will+ rCorr EV-5}
   (You found it in the Dungeon)

   Loud:      It is deafeningly noisy when blocking attacks.
   EV:        It affects your evasion (-5).
   rN:        It protects you from negative energy.
   rCorr:     It protects you from acid and corrosion.
   Will:      It increases your willpower.
Jewellery
 i - the ring of Dawyrum {Fly rPois Will- Slay+3}
   (You found it in the Dungeon)

   [ring of flight]

   Slay:      It affects your accuracy & damage with ranged weapons and melee
   (+3).
   rPois:     It protects you from poison.
   Fly:       It grants you flight.
   Will:      It decreases your willpower.
 s - a ring of flight
 t - a +6 ring of dexterity
 u - a +6 ring of dexterity
 v - a +6 ring of intelligence (left hand)
 w - a +6 ring of intelligence (right hand)
 x - a +6 ring of strength
 y - a +6 ring of strength
Wands
 q - a wand of mindburst (7)
 r - a wand of quicksilver (6)
Scrolls
 g - 4 scrolls of blinking
 m - 4 scrolls of amnesia
 n - 7 scrolls of fog
 o - 5 scrolls of identify
 p - 2 scrolls of fear
Potions
 b - 8 potions of magic
 c - 9 potions of curing
 d - 7 potions of heal wounds
 e - 6 potions of haste
 f - 3 potions of berserk rage
 h - 2 potions of brilliance
 j - 3 potions of resistance
 l - 5 potions of might
Miscellaneous
 z - a lightning rod (4/4)


   Skills:
 + Level 0.2 Fighting
 + Level 0.8 Maces & Flails
 + Level 0.1 Armour
 * Level 6.5 Dodging
 - Level 2.4 Stealth
 * Level 7.3 Spellcasting
 + Level 13.7 Summonings


You had 6 spell levels left.
You knew the following spells:

 Your Spells              Type           Power      Damage    Failure   Level
a - Summon Small Mammal   Summ           100%       N/A       0%          1
b - Call Imp              Summ           87%        N/A       0%          2
c - Summon Lightning Spi  Summ/Air       60%        N/A       1%          4
d - Summon Guardian Gole  Hex/Summ       60%        N/A       1%          3
e - Call Canine Familiar  Summ           87%        N/A       1%          3

Your spell library contained the following spells:

 Spells                   Type           Power      Damage    Failure   Level


Dungeon Overview and Level Annotations

Branches:
Dungeon (1/1)

Altars:
Ashenzari
Cheibriados
Dithmenos
Elyvilon
Fedhas
Gozag
Hepliaklqana
Kikubaaqudgha
Makhleb
Nemelex Xobeh
Okawaru
Qazlal
Ru
Sif Muna
Trog
Uskayaw
Vehumet
Wu Jian
Xom
Yredelemnul
Zin
The Shining One
Jiyva
Lugonu

Annotations:
D 1 transporter


Message History

The air elemental fires a burst of electricity at you.
The stunning burst hits your quokka!
Your quokka dies!
Your quokka's corpse disappears in a puff of smoke!
The stunning burst hits you!
You suddenly lose the ability to move!
The air elemental fires a burst of electricity at you.
The stunning burst hits you!
Your quokka misses the air elemental.
Your crimson imp closely misses the air elemental.
You can move again.
Your lightning spire cannot move out of your way!
Your lightning spire cannot move out of your way!
Your lightning spire cannot move out of your way!
You feel much better.
The air elemental fires a burst of electricity at you.
The stunning burst hits you!
You shrug off the repeated paralysis!
Your quokka completely misses the air elemental.
The air elemental hits you!
Your quokka completely misses the air elemental.
Your crimson imp hits the air elemental.
You feel better. The air elemental closely misses you.
The air elemental barely misses you.
The air elemental fires a burst of electricity at you.
The stunning burst hits your quokka!
Your quokka is paralysed.
The stunning burst hits the air elemental.
The air elemental completely resists.
The stunning burst hits you!
You shrug off the repeated paralysis!
Your crimson imp hits the air elemental but does no damage.
You feel much better.
Your quokka is no longer paralysed.
The air elemental fires a burst of electricity at you.
The stunning burst hits you!
You suddenly lose the ability to move!
The air elemental fires a burst of electricity at you.
The stunning burst hits the air elemental.
The air elemental completely resists.
The stunning burst hits you!
Ouch! That really hurt!
* * * LOW HITPOINT WARNING * * *
The air elemental fires a burst of electricity at you.
The stunning burst hits you!
You die...

▓▓▓▓▓▓▓▓▓▓▓▓▓▓▓▓▓▓▓
▓.8©8.▓.8©8.▓.8©8.▓
▓.:E}.▓.[.).▓.....▓
▓..|..▓.....▓.).).▓
▓...E.▓..8..▓..†..▓
▓..Er.▓.....▓.....▓
▓.9E5.▓.....▓..©..▓
▓..@8.▓..©..▓▓▓▓▓▓▓
▓▓▓▓▓▓▓▓▓▓▓▓▓


You could see 4 air elementals, a friendly guardian golem (summoned), a friendly
lightning spire (summoned, sheltered), a friendly crimson imp (summoned,
sheltered) and a friendly quokka (summoned, sheltered).

Vanquished Creatures
  A golden eye (D)
  A floating eye (D)
  A water moccasin (D)
  An adder (D)
  An endoplasm (D)
5 creatures vanquished.

Notes
Turn   | Place    | Note
-------+----------+-------------------------------------------
     0 | D        | Atreus the Deep Elf Summoner began the quest for the Orb.
     0 | D        | Reached XP level 1. HP: 10/10 MP: 6/6
     2 | D        | Found a blossoming altar of Fedhas.
     2 | D        | Found the +6 Majin-Bo {spellvamp, MP+6 Int+6}
     2 | D        | Found the +27 heavy crossbow "Sniper" {heavy, Acc+∞ SInv}
     2 | D        | Found the +10 dark maul {heavy}
     2 | D        | Found the +15 Maxwell's patent armour {-Cast -Tele rElec
                  | Will+ rCorr}
     2 | D        | Found the +18 shield of the Gong {Loud rN+ Will+ rCorr
                  | EV-5}
     2 | D        | Found the +16 obsidian axe {drain, demonic, Mesm Drain Fly
                  | SInv}
     2 | D        | Found the +7 great mace "Firestarter" {flame, inner flame,
                  | rFlCloud rF++}
     2 | D        | Found the +6 shillelagh "Devastator" {shatter}
     2 | D        | Found the +11 plutonium sword {Contam Stlth-}
     2 | D        | Found the +8 lance "Wyrmbane" {slay drac, rPois rF+ rC+
                  | AC+3}
     2 | D        | Found the +9 sword of Zonguldrok {reap}
     2 | D        | Found the +13 scythe of Curses {drain, curses, Drain}
     2 | D        | Found the +9 sword of Power {lifebolt}
     2 | D        | Found the +7 mace of Variability {chaos, chain chaos}
     2 | D        | Found the +11 Singing Sword {sonic wave}
     2 | D        | Found the +8 storm bow {elec, penet}
     5 | D        | Found a shimmering blue altar of Sif Muna.
     5 | D        | Found a sacrificial altar of Ru.
     5 | D        | Found a bloodstained altar of Trog.
     5 | D        | Found a stormy altar of Qazlal.
     5 | D        | Found an iron altar of Okawaru.
     5 | D        | Found a sparkling altar of Nemelex Xobeh.
     7 | D        | Found a transporter.
     7 | D        | Found an ancient bone altar of Kikubaaqudgha.
     7 | D        | Found a viscous altar of Jiyva.
     7 | D        | Found a corrupted altar of Lugonu.
     7 | D        | Found a hazy altar of Hepliaklqana.
     7 | D        | Found a burning altar of Makhleb.
     7 | D        | Found an opulent altar of Gozag.
   154 | D        | Reached skill level 9 in Summonings
   154 | D        | Reached XP level 2. HP: 15/15 MP: 8/8
   158 | D        | Learned a level 2 spell: Call Imp
   188 | D        | Became a worshipper of Cheibriados the Contemplative
   203 | D        | Entered arena 2.
   203 | D        | Noticed a water moccasin
   203 | D        | Found a transporter.
   210 | D        | Killed a water moccasin
   210 | D        | Reached * piety under Cheibriados
   211 | D        | Reached skill level 5 in Spellcasting
   211 | D        | Reached skill level 11 in Summonings
   211 | D        | Reached XP level 3. HP: 19/19 MP: 8/11
   211 | D        | Reached XP level 4. HP: 24/24 MP: 9/13
   222 | D        | Learned a level 4 spell: Summon Lightning Spire
   236 | D        | Learned a level 3 spell: Summon Guardian Golem
   240 | D        | Learned a level 3 spell: Call Canine Familiar
   252 | D        | Entered arena 3.
   252 | D        | Noticed a golden eye
   252 | D        | Noticed a floating eye
   252 | D        | Found a transporter.
   256 | D        | Killed a floating eye
   257 | D        | Reached skill level 5 in Dodging
   257 | D        | Reached skill level 12 in Summonings
   257 | D        | Reached XP level 5. HP: 22/28 MP: 13/15
   367 | D        | Killed a golden eye
   367 | D        | Reached ** piety under Cheibriados
   368 | D        | Reached skill level 13 in Summonings
   368 | D        | Reached XP level 6. HP: 32/32 MP: 16/18
   401 | D        | Got the ring of Dawyrum {Fly rPois Will- Slay+3}
   427 | D        | Entered arena 4.
   427 | D        | Noticed an air elemental
   427 | D        | Noticed an air elemental
   427 | D        | Noticed an air elemental
   427 | D        | Noticed an air elemental
   427 | D        | Found a transporter.
   429 | D        | Paralysed by an air elemental for 1 turns
   432 | D        | Paralysed by an air elemental for 1 turns
   432 | D        | Killed from afar by an air elemental

Illustrated notes

Levels and vault maps discovered:
D:        sprint_v [room_start, room_1, room_2, room_3, room_4, room_5, room_6,
          room_7, room_8, room_9, room_10, room_11, room_12, room_13, room_14,
          room_15, room_16, room_17, room_18, room_19, room_20, room_21,
          room_22, room_23, room_24, room_25, room_26, room_27]

Skill      XL: |  1  2  3  4  5 |
---------------+----------------+-----
Summonings     | 9 11 12 13 | 13.7
Dodging        | 4 5 6 |  6.5
Spellcasting   | 5 6 7 |  7.3
Fighting       | |  0.2
Maces & Flails | |  0.8
Armour         | |  0.1
Stealth        | |  2.4

Action                     |  1- 3 |  4- 6 || total
---------------------------+-------+-------++-------
  Melee: Shillelagh        |     6 |    29 ||    35
   Cast: Summon Small Mamm |     1 |     2 ||     3
         Call Imp          |       |     2 ||     2
         Summon Lightning  |       |     2 ||     2
         Summon Guardian G |       |     1 ||     1
  Evoke: Wand              |       |     1 ||     1
    Use: Potion            |     1 |     7 ||     8
 Armour: Plate armour      |     4 |     8 ||    12
  Dodge: Dodged            |       |     3 ||     3
  Block: Kite shield       |    14 |     6 ||    20

Table legend: (Time is in decaauts)
 A = Elapsed time spent in this place.
 B = Non-inter-level travel time spent in this place.
 C = Inter-level travel time spent in this place.
 D = Time resting spent in this place.
 E = Time spent auto-exploring this place.
 F = Levels seen in this place.
 G = Mean time per level.
                   A        B        C        D        E       F      G
               +--------+--------+--------+--------+--------+-----+--------+
         Total |    492 |    492 |      0 |     60 |      0 |   1 |  492.0 |
       Dungeon |    492 |    492 |      0 |     60 |      0 |   1 |  492.0 |
               +--------+--------+--------+--------+--------+-----+--------+

Top non-repeatable levels by time:
       D: 492 daAuts
